 Dungeon Crawl Stone Soup version 0.24-a0-189-g5d897e9 (webtiles) character file.

Game seed: 16511033948667079343

178 nikopol the Chopper (level 5, -2/48 HPs)
             Began as a Minotaur Berserker on Mar 16, 2019.
             Was a Priest of Trog.
             Slain by a worker ant (6 damage)
             ... on level 4 of the Dungeon.
             The game lasted 00:03:24 (2401 turns).

nikopol the Chopper (Minotaur Berserker)            Turns: 2401, Time: 00:03:25

Health: -2/48      AC:  2    Str: 22    XL:     5   Next: 32%
Magic:  4/4        EV: 12    Int:  4    God:    Trog [***...]
Gold:   182        SH:  0    Dex: 10    Spells: 4/4 levels left

rFire    . . .     SeeInvis .   a - +0 hand axe
rCold    . . .     Gourm    .   (no shield)
rNeg     . . .     Faith    .   b - +0 animal skin
rPois    .         Spirit   .   (helmet restricted)
rElec    .         Reflect  .   (no cloak)
rCorr    .         Harm     .   (no gloves)
MR       .....                  (no boots)
Stlth    +.........             (no amulet)
HPRegen  0.16/turn              (no ring)
MPRegen  0.09/turn              (no ring)

@: lethally poisoned (-2 -> -14)
A: retaliatory headbutt, horns 2
a: Berserk, Trog's Hand, Renounce Religion


You were on level 4 of the Dungeon.
You worshipped Trog.
Trog was most pleased with you.
You were hungry.

You visited 1 branch of the dungeon, and saw 4 of its levels.

You collected 182 gold pieces.

Inventory:

Hand Weapons
 a - a +0 hand axe (weapon)
Armour
 b - a +0 animal skin (worn)
Jewellery
 k - an uncursed ring of fire {unknown}
 m - an uncursed ring of see invisible {unknown}
 u - a +5 amulet of reflection {unknown}
Scrolls
 d - a scroll of fog {unknown}
 e - 2 scrolls of enchant armour {unknown}
 f - 3 scrolls of teleportation {unknown}
 g - a scroll of enchant weapon {unknown}
 h - 5 scrolls of identify {unknown}
 p - a scroll of remove curse {unknown}
 s - a scroll of blinking {unknown}
 t - a scroll of noise {unknown}
Potions
 i - a potion of degeneration {unknown}
 j - 2 potions of lignification {unknown}
 l - 4 potions of flight {unknown}
 n - 2 potions of resistance {unknown}
 o - a potion of experience {unknown}
 q - a potion of curing {unknown}
 r - a potion of agility {unknown}
Comestibles
 c - 5 rations


   Skills:
 + Level 5.0 Fighting
 + Level 5.5 Axes
 + Level 2.8 Armour
 + Level 2.9 Dodging
 + Level 1.1 Stealth


You had 4 spell levels left.
You didn't know any spells.
Your spell library was empty.

Dungeon Overview and Level Annotations

Branches:
Dungeon (4/15)
 Temple: D:4-7

Altars:


Innate Abilities, Weirdness & Mutations

You reflexively headbutt those who attack you in melee.
You have a pair of horns on your head.


Message History

You closely miss the worker ant. You headbutt the worker ant.
The worker ant is almost dead.
* * * LOW HITPOINT WARNING * * *
You feel sick. The worker ant closely misses you. You furiously retaliate!
You headbutt the worker ant, but do no damage.
You closely miss the worker ant.
The worker ant is almost dead.
* * * LOW HITPOINT WARNING * * *
You feel sick. The worker ant bites you.
* * * LOW HITPOINT WARNING * * *
You barely miss the worker ant.
The worker ant is almost dead.
* * * LOW HITPOINT WARNING * * *
You feel sick. The worker ant bites you.
* * * LOW HITPOINT WARNING * * *
You hit the worker ant but do no damage.
The worker ant is almost dead.
* * * LOW HITPOINT WARNING * * *
You feel sick. The worker ant bites you.
You die...

#.......# #..#
?..#
##..#....####
#<.......?..
#..####.#.##
#####..#........
#............#
#.####..#%#..#
#....@..#
#.....#a##
#.#..###.#
...#... ..
........ ...
.##.### .... #?
....# ....#


You could see a worker ant.

Vanquished Creatures
  A hound (D:4)
  A centaur skeleton (D:4)
  5 adders
  An ooze (D:3)
  A worm (D:2)
  2 dart slugs (D:1)
  3 leopard geckos
  A ball python (D:3)
  6 giant cockroaches
  4 goblins
  5 hobgoblins
  3 jackals (D:2)
  7 kobolds
  A quokka (D:2)
  10 bats
  3 frilled lizards
  8 rats
62 creatures vanquished.

Notes
Turn   | Place    | Note
-------+----------+-------------------------------------------
     0 | D:1      | nikopol the Minotaur Berserker began the quest for the Orb.
     0 | D:1      | Reached XP level 1. HP: 19/19 MP: 0/0
   132 | D:1      | Reached XP level 2. HP: 23/27 MP: 1/1
   591 | D:1      | Reached ** piety under Trog
  1043 | D:2      | Reached XP level 3. HP: 33/33 MP: 2/2
  1509 | D:2      | Reached XP level 4. HP: 40/41 MP: 3/3
  1788 | D:3      | Reached skill level 5 in Axes
  2339 | D:4      | Reached skill level 1 in Stealth
  2339 | D:4      | Reached XP level 5. HP: 26/47 MP: 4/4
  2387 | D:4      | Reached *** piety under Trog
  2392 | D:4      | Reached skill level 5 in Fighting
  2401 | D:4      | Slain by a worker ant

Levels and vault maps discovered:
D:1:      lemuel_arrival_lava_pool, layout_basic, serial_forest,
          infiniplex_forest_straight_3, infiniplex_forest_end_1,
          infiniplex_forest_fountain, infiniplex_forest_fountain,
          infiniplex_forest_straight_3, infiniplex_forest_clump_long
D:2:      layout_loops_ring, kennysheep_small_spiral
D:3:      minmay_diamond_boxcup, layout_rooms, hangedman_decor_clover_reticule
D:4:      layout_loops_cross, nicolae_overflow_crystal_walls,
          minmay_temple_entry_proselytizer, gammafunk_ghost_split, first_ration

Skill      XL: |  1  2  3  4  5 |
---------------+----------------+-----
Axes           | 4 5 |  5.5
Fighting       | 4 5 |  5.0
Stealth        | 1 |  1.1
Armour         | |  2.8
Dodging        | |  2.9

Action                   |  1- 3 |  4- 6 || total
-------------------------+-------+-------++-------
Melee: Hand axe          |    67 |    58 ||   125
       Headbutt          |    10 |    12 ||    22
 Stab: Sleeping          |     1 |     1 ||     2
  Eat: Chunk             |     1 |     3 ||     4
Armor: Animal skin       |    16 |     7 ||    23
Dodge: Dodged            |    58 |    39 ||    97

Table legend:
 A = Non-vault XP
 B = Vault XP
 C = Vault XP percentage of total XP
 D = Non-vault monster count
 E = Vault monster count
 F = Vault count percentage of total count
                 A         B        C        D         E       F
            +---------+---------+-------+---------+---------+-------
      Total |     244 |      11 |   4.3 |      56 |       6 |   9.7
            +---------+---------+-------+---------+---------+-------
        D:1 |      39 |       0 |   0.0 |      22 |       0 |   0.0
        D:2 |      66 |       0 |   0.0 |      16 |       0 |   0.0
        D:3 |      53 |      11 |  17.2 |      15 |       6 |  28.6
        D:4 |      86 |       0 |   0.0 |       3 |       0 |   0.0
            +---------+---------+-------+---------+---------+-------
